Map: 瑟拉斯遺跡

Players

Rex

  • Race: Zerg Zerg
  • League: Grandmaster

Nice - Winner!

  • Race: Protoss Protoss
  • League: Grandmaster

Event: 2016 WCS Winter Challenger Taiwan

VOD

Have the link to the VOD?

Description

Time

  • Played on: Jan. 15, 2016, 7:40 a.m.
  • Length: 10:06

All games in this series

Show
View Real Time Build Order
Export as new Build Order

Rex Zerg 

Build Orders: 3 Hatch before Pool 

Get SALT Encoding   

  12  0:01  Drone  
  13  0:08  Drone  
  14  0:18  Overlord  
  14  0:24  Extractor  
  14  0:25  Drone  
  15  0:36  Drone x2  
  17  0:54  Hatchery  
  16  0:57  Drone  
  16  1:00  Drone  
  18  1:23  Hatchery  
  18  1:25  Drone  
  18  1:28  Drone  
  19  1:41  Spawning Pool  
  19  1:44  Extractor  
  19  1:46  Drone  
  18  1:49  Drone  
  19  1:54  Drone  
  21  2:01  Drone  
  21  2:06  Drone  
  22  2:14  Drone  
  23  2:17  Drone  
  24  2:28  Queen x2  
  28  2:35  Queen  
  30  2:38  Overlord  
  30  2:47  Metabolic Boost  
  30  2:49  Zergling x4  
  32  2:51  Zergling x2  
  32  2:53  Zergling x2  
  32  2:57  Zergling x2  
  35  2:59  Zergling x2  
  35  3:01  Zergling x2  
  35  3:03  Zergling x2  
  35  3:05  Zergling x2  
  39  3:12  Overlord  
  39  3:22  Evolution Chamber  
  38  3:27  Drone x2  
  38  3:28  Drone  
  38  3:31  Drone  
  38  3:33  Overlord  
  42  3:39  Overlord  
  42  3:42  Overlord  
  42  3:54  Drone x6  
  48  3:59  Drone  
  48  4:00  Drone  
  48  4:02  Drone  
  51  4:03  Drone  
  51  4:07  Zerg Melee Weapons Level 1  
  52  4:11  Drone  
  52  4:12  Drone  
  52  4:17  Overlord  
  53  4:20  Drone  
  54  4:25  Drone  
  54  4:27  Drone  
  54  4:28  Drone x3  
  54  4:31  Drone x3  
  59  4:35  Roach Warren  
  58  4:39  Drone x2  
  58  4:41  Overlord  
  58  4:44  Drone  
  60  4:48  Extractor x2  
  60  4:49  Overlord x2  
  58  4:59  Overlord  
  58  5:02  Zergling x2  
  58  5:03  Zergling x14  
  58  5:06  Zergling x2  
  67  5:07  Zergling x6  
  67  5:10  Spine Crawler  
  67  5:14  Zergling x4  
  71  5:15  Roach  
  71  5:16  Roach  
  71  5:18  Roach  
  71  5:19  Roach  
  79  5:28  Roach  
  79  5:30  Roach x2  
  79  5:33  Roach x2  
  79  5:34  Roach x2  
  80  5:37  Roach  
  80  5:38  Zergling x2  
  80  5:40  Zergling x2  
  80  5:42  Roach  
  82  5:44  Roach  
  82  5:45  Zergling x2  
  82  5:49  Roach  
  83  5:54  Zergling x2  
  80  5:57  Zergling x4  
  80  5:58  Zergling x2  
  80  6:00  Zergling x6  
  80  6:04  Zergling x2  
  83  6:05  Zergling x2  
  83  6:06  Roach x2  
  83  6:10  Roach  
  87  6:12  Zergling x2, Roach  
  87  6:14  Zergling x2  
  87  6:15  Roach  
  88  6:19  Roach  
  88  6:22  Zergling x2  
  88  6:25  Zergling x2  
  85  6:30  Zergling x2  
  81  6:33  Queen  
  81  6:34  Zergling x2, Roach  
  81  6:38  Roach  
  84  6:40  Zergling x2  
  84  6:41  Zergling x4  
  84  6:46  Drone  
  83  6:48  Zergling x2  
  83  6:53  Drone  
  84  6:55  Drone  
  85  7:02  Lair  
  85  7:04  Zergling x2  
  85  7:05  Zergling x2  
  85  7:06  Drone  
  85  7:07  Drone  
  89  7:09  Drone x2  
  89  7:15  Zerg Missile Weapons Level 1  
  91  7:16  Drone x2  
  91  7:17  Overlord  
  91  7:18  Drone  
  91  7:20  Drone  
  91  7:21  Drone  
  96  7:25  Drone  
  96  7:28  Drone  
  98  7:32  Drone x2  
  98  7:33  Drone  
  98  7:36  Ravager x3  
  100  7:43  Overlord  
  101  7:44  Zergling x2, Roach  
  101  7:47  Roach  
  101  7:49  Zergling x2, Roach  
  101  7:50  Zergling x2, Roach  
  110  7:54  Spore Crawler  
  110  7:56  Spore Crawler  
  103  8:01  Zergling x8  
  103  8:03  Zergling x2  
  107  8:05  Overseer  
  107  8:07  Overseer  
  107  8:10  Drone  
  107  8:11  Drone  
  93  8:14  Drone  
  93  8:18  Overseer  
  83  8:20  Drone  
  83  8:23  Drone x2  
  77  8:27  Zergling x2  
  77  8:30  Drone  
  77  8:32  Drone  
  73  8:35  Drone  
  73  8:40  Drone  
  71  8:47  Drone  
  72  8:50  Drone  
  72  8:51  Drone x3  
  75  9:00  Drone  
  75  9:02  Drone  
  77  9:03  Drone  
  77  9:06  Drone  
  77  9:08  Drone  
  80  9:14  Ravager  
  80  9:15  Drone  
  82  9:18  Drone x2  
  82  9:21  Overlord  
  82  9:23  Drone  
  85  9:25  Drone  
  85  9:26  Drone  
  87  9:33  Roach x2  
  87  9:34  Roach  
  87  9:35  Roach  
  87  9:37  Ravager  
  96  9:42  Ravager  
  96  9:43  Zergling x6  
Show
View Real Time Build Order
Export as new Build Order

Nice Protoss - Winner!

Build Orders: Nexus First 

Get SALT Encoding   

  12  0:01  Probe (Chrono Boost)  
  13  0:12  Probe (Chrono Boost)  
  14  0:18  Pylon  
  14  0:23  Probe (Chrono Boost)  
  15  0:36  Probe (Chrono Boost)  
  16  0:47  Probe (Chrono Boost)  
  17  1:00  Nexus  
  17  1:03  Probe (Chrono Boost)  
  18  1:14  Probe (Chrono Boost)  
  18  1:16  Gateway  
  19  1:25  Probe (Chrono Boost), Assimilator  
  20  1:31  Assimilator  
  20  1:35  Probe (Chrono Boost)  
  21  1:44  Gateway  
  21  1:46  Probe (Chrono Boost)  
  22  1:56  Probe (Chrono Boost)  
  23  2:04  Cybernetics Core  
  23  2:12  Probe (Chrono Boost)  
  23  2:15  Probe (Chrono Boost)  
  25  2:22  Probe (Chrono Boost)  
  26  2:25  Probe (Chrono Boost)  
  27  2:33  Probe (Chrono Boost)  
  27  2:34  Pylon  
  27  2:36  Probe (Chrono Boost)  
  29  2:40  Adept (Chrono Boost)  
  29  2:43  Probe, Stalker (Chrono Boost)  
  34  2:45  Warp Gate  
  34  2:48  Probe  
  35  2:55  Mothership Core  
  37  3:00  Probe  
  38  3:08  Robotics Facility  
  39  3:12  Probe (Chrono Boost)  
  39  3:18  Probe (Chrono Boost), Twilight Council  
  40  3:24  Probe (Chrono Boost)  
  40  3:26  Pylon  
  41  3:29  Probe (Chrono Boost)  
  42  3:35  Probe (Chrono Boost)  
  42  3:38  Adept  
  42  3:39  Probe (Chrono Boost)  
  46  3:44  Adept  
  46  3:45  Probe (Chrono Boost)  
  49  3:49  Gateway  
  49  3:51  Pylon  
  49  3:55  Gateway  
  49  3:58  Warp Prism  
  49  4:00  Resonating Glaives (Chrono Boost)  
  49  4:09  Pylon  
  51  4:17  Gateway  
  51  4:18  Gateway  
  50  4:40  Pylon  
  49  4:48  Gateway x2  
  49  4:55  Observer  
  49  4:56  Pylon x2  
  50  5:13  Adept x6  
  62  5:14  Pylon  
  62  5:32  Pylon  
  62  5:34  Pylon, Adept  
  62  5:35  Adept x4  
  70  5:37  Adept  
  68  5:54  Adept x2  
  68  5:55  Adept x2  
  68  5:56  Adept x3  
  70  6:15  Adept x3  
  70  6:16  Adept x2  
  70  6:26  Pylon  
  70  6:27  Dark Shrine  
  54  6:44  Probe x2  
  54  6:45  Immortal  
  56  6:53  Assimilator  
  58  6:54  Assimilator  
  58  6:55  Pylon  
  58  6:56  Probe  
  59  7:08  Probe  
  59  7:12  Probe  
  61  7:19  Immortal  
  61  7:20  Probe  
  62  7:23  Forge  
  66  7:42  Dark Templar x2  
  66  7:43  Dark Templar  
  72  8:00  Dark Templar  
  72  8:01  Adept x2  
  78  8:11  Immortal  
  72  8:21  Adept x4  
  66  8:42  Stalker x2  
  66  8:45  Pylon, Immortal  
  66  8:47  Pylon  
  69  8:54  Stalker x2, Adept  
  77  8:56  Adept  
  77  8:58  Adept  
  81  9:02  Adept  
  81  9:08  Pylon  
  83  9:10  Pylon  
  83  9:20  Adept x5  
  83  9:21  Adept x2  
  83  9:23  Pylon  
  97  9:26  Adept  
  97  9:29  Observer  
  90  9:54  Adept  
  90  9:55  Adept x6  
Tags
 
Add a new tag
Caveats
  • Supply blocks, unpowered buildings, or Contaminate may cause inaccurate times.
  • Supply counts are checked every 10 seconds.